 Dungeon Crawl Stone Soup version 0.29-a0-330-g52719c12eb (webtiles) character file.

Game seed: 13753407768163218746

45 Crownlay the Insei (level 3, -3/24 HPs)
             Began as an Octopode Transmuter on May 1, 2022.
             Slain by a gnoll
             ... wielding a +0 whip
              (9 damage)
             ... on level 2 of the Dungeon.
             The game lasted 00:02:00 (1199 turns).

Crownlay the Insei (Octopode Transmuter)            Turns: 1199, Time: 00:02:00

Health: -3/24      AC:  1    Str:  9    XL:     3   Next: 64%
Magic:  5/6        EV: 13    Int: 23    God:
Gold:   56         SH:  0    Dex: 12    Spells: 2/6 levels left

rFire   . . .      SeeInvis .     - Unarmed
rCold   . . .      Faith    .   (no shield)
rNeg    . . .      Spirit   .   (helmet currently unavailable)
rPois   .          Reflect  .   (no amulet)
rElec   .          Harm     .   e - +6 ring of intelligence
rCorr   .          Rampage  .   (no ring)
Will    .....                   (no ring)
Stlth   ++........              (no ring)
HPRegen 0.08/turn               (no ring)
MPRegen 0.10/turn               (no ring)
                                (no ring)
                                (no ring)

@: appendages
A: tentacle spike 3, almost no armour, amphibious, 8 rings, camouflage 1,
gelatinous body 1, (nimble swimmer 1), tentacles
a: End Transformation


You were on level 2 of the Dungeon.
One of your tentacles had grown a beastly spike.
You visited 1 branch of the dungeon, and saw 2 of its levels.

You collected 56 gold pieces.

Inventory:

Jewellery
 e - a +6 ring of intelligence (left tentacle)
Scrolls
 d - 2 scrolls of teleportation {unknown}
 g - a scroll of fear {unknown}
 h - a scroll of identify {unknown}
Potions
 a - a potion of lignification
 b - a potion of might {unknown}
 c - a potion of invisibility {unknown}
 f - a potion of curing {unknown}


   Skills:
 + Level 1.6 Fighting
 - Level 2.0 Dodging
 + Level 3.0 Unarmed Combat
 + Level 2.3 Spellcasting
 * Level 2.8 Transmutations
 + Level 1.4 Poison Magic


You had 2 spell levels left.
You knew the following spells:

 Your Spells              Type           Power      Damage    Failure   Level
a - Beastly Appendage     Tmut           30%        N/A       3%          1
b - Spider Form           Tmut/Pois      12%        N/A       16%         3

Your spell library contained the following spells:

 Spells                   Type           Power      Damage    Failure   Level
 Wereblood                Tmut           15%        N/A       6%          2
 Apportation              Tloc           4%         N/A       12%         1
 Ice Form                 Ice/Tmut       9%         N/A       56%         4
 Alistair's Intoxication  Tmut/Pois      8%         N/A       80%         5


Dungeon Overview and Level Annotations

Branches:
Dungeon (2/15)

Altars:

Annotations:
D:1 2 transporters


Innate Abilities, Weirdness & Mutations

One of your tentacles has grown a beastly spike.
You cannot wear most types of armour.
You are amphibious.
You can wear up to eight rings at the same time.
Your skin changes colour to match your surroundings (Stealth+).
Your rubbery body absorbs attacks. (AC +1, EV +1)
((You are camouflaged when in or above water. (Stealth+)))
You have tentacles for arms and can constrict up to eight enemies at once.


Message History

Partly explored, unvisited transporter.
Partly explored, unvisited transporter.
(D) Dungeon
Where to? (? - help)
There is a stone staircase leading down here.
You climb downwards.
There is a stone staircase leading up here.
Found a stone staircase leading down.
Found a stone staircase leading up.
There is a stone staircase leading up here.
h - a scroll labelled TADUOSHR BIUTEB 2 gnolls come into view.
Found a stone staircase leading up.
The gnoll shouts! x2; You hear a shout!
One of your tentacles grows a vicious spike.
You closely miss the gnoll. Your grab misses the gnoll.
You tentacle-slap the gnoll. You grab the gnoll.
You pierce the gnoll.
The gnoll is lightly wounded.
You constrict the gnoll, but do no damage.
The gnoll barely misses you.
A gnoll comes into view. It is wielding a +0 spear.
You tentacle-slap the gnoll but do no damage.
The gnoll is lightly wounded.
You constrict the gnoll. The gnoll hits you with a +0 flail!
You tentacle-slap the gnoll.
You pierce the gnoll.
The gnoll is almost dead.
You constrict the gnoll. The gnoll misses you. The gnoll barely misses you. x2
You tentacle-slap the gnoll.
You kill the gnoll!
The gnoll misses you. The gnoll completely misses you.
You tentacle-slap the gnoll. You grab the gnoll.
You pierce the gnoll.
The gnoll is severely wounded.
You constrict the gnoll, but do no damage.
The gnoll misses you.
The gnoll hits you from afar with a +0 spear!
* * * LOW HITPOINT WARNING * * *
You are too injured to fight recklessly!
You release your grip on the gnoll.
The gnoll attacks as you move away! The gnoll hits you with a +0 whip!
You die...

#.##<# # ##.##.#
#.##...#.# #........#
#####>..### ..###.##
#.##..#
#.#.#.##############
##..###.........@gg.#
...##
##.##########).....#
###<###.## ...####
##.#.## ...# ##.##
..... .............
.....# #############
.<..... ...####


You could see 2 gnolls.

Vanquished Creatures
  2 gnolls
  5 endoplasms (D:1)
  A giant cockroach (D:1)
  3 hobgoblins (D:1)
  2 jackals (D:1)
  A quokka (D:1)
  3 ball pythons (D:1)
  2 frilled lizards (D:1)
  3 goblins (D:1)
  A kobold (D:1)
  2 rats (D:1)
25 creatures vanquished.

Notes
Turn   | Place    | Note
-------+----------+-------------------------------------------
     0 | D:1      | Crownlay the Octopode Transmuter began the quest for the
                  | Orb.
     0 | D:1      | Reached XP level 1. HP: 13/13 MP: 3/3
   199 | D:1      | Reached XP level 2. HP: 5/18 MP: 3/5
   528 | D:1      | Reached skill level 1 in Poison Magic
   886 | D:1      | Reached XP level 3. HP: 21/23 MP: 4/6
   890 | D:1      | Learned a level 3 spell: Spider Form
  1124 | D:1      | Found a faded altar of an unknown god.
  1199 | D:2      | Slain by a gnoll

Illustrated notes

Levels and vault maps discovered:
D:1:      spicycebolla_arrival_teleporter_tutorial, layout_rooms,
          chequers_ecumenical_altar_lobes, st_stairs_10
D:2:      layout_loops_ring, amcnicky_mini_pool_small

Skill      XL: |  1  2 |
---------------+-------+-----
Poison Magic   | 1 |  1.4
Fighting       | |  1.6
Dodging        | |  2.0
Unarmed Combat | |  3.0
Spellcasting   | |  2.3
Transmutations | |  2.8

Action                   || total
-------------------------++-------
Melee: Unarmed           ||    58
       Tentacles         ||    15
       Kick              ||    12
       Constrict         ||    11
       Punch             ||     1
 Cast: Beastly Appendage ||    16
 Stab: Sleeping          ||     2
Armor: Skin              ||     6
Dodge: Dodged            ||    30

Table legend: (Time is in decaauts)
 A = Elapsed time spent in this place.
 B = Non-inter-level travel time spent in this place.
 C = Inter-level travel time spent in this place.
 D = Time resting spent in this place.
 E = Time spent auto-exploring this place.
 F = Levels seen in this place.
 G = Mean time per level.
                   A        B        C        D        E       F      G
               +--------+--------+--------+--------+--------+-----+--------+
         Total |   1195 |   1184 |     11 |      0 |    991 |   2 |  597.5 |
       Dungeon |   1195 |   1184 |     11 |      0 |    991 |   2 |  597.5 |
               +--------+--------+--------+--------+--------+-----+--------+

Top non-repeatable levels by time:
     D:1: 1152 daAuts
     D:2: 42 daAuts
